AoeStats
← 安心

Nomad

510733921Analyzed
4v4 RM · 21h ago on Oct 2, 2026· 107m 50s· 8 players
Game mode
Random Map
Map size
231×231
Population
200
Speed
Normal
Resources
Standard
Victory
Conquest
Starting age
Dark Age
Ending age
Imperial Age
RankedLock teamsTeams togetherTeam positionsShared explorationLock speedFull tech treeHidden civsTurbo modeCheats
Victory
Defeat
🇹🇼 Dravidians · Taiwan
1504
+15
🇨🇳 Koreans · China
1475
+16
🇨🇳 Spanish · China
1471
+16
🇹🇼 Koreans · Taiwan
1465
+16
🇨🇳 Wei · China
1532
-18
🇦🇺 Mongols · Australia
1507
-17
🇷🇺 Varangians · Russia
1453
-15
🇲🇽 Koreans · Mexico
1402
-13
安心
12:44 Feudal Age
17:38 Double-Bit Axe
18:18 Loom
20:45 Castle Age
29:07 Fletching
32:38 Horse Collar
33:18 Bodkin Arrow
37:11 Gold Mining
37:40 Bow Saw
39:38 Ballistics
41:47 Heavy Plow
46:12 Imperial Age
44:18 Wheelbarrow
43:57 Stone Mining
45:12 Husbandry
45:27 Thumb Ring
46:11 Murder Holes
47:04 Elite War Wagon
47:52 Eupseong
48:30 Bracer
48:27 Elite Skirmisher
49:51 Arrowslits
51:07 Chemistry
50:19 Masonry
51:29 Conscription
50:42 Pikeman
51:23 Squires
51:44 Halberdier
55:35 Scale Mail Armor
55:45 Forging
57:38 Chain Mail Armor
57:59 Iron Casting
60:31 Fortified Wall
62:22 Hand Cart
63:51 Plate Mail Armor
63:07 Elite Fire Lancer
63:33 Arson
66:29 Architecture
69:11 Two-Man Saw
72:15 Capped Ram
75:07 Capped Ram
78:05 Siege Engineers
77:43 Treadmill Crane
81:21 Town Watch
82:55 Siege Engineers
83:40 Caravan
84:11 Coinage
94:29 Banking
104:29 Town Patrol
向阳花
3:36 Loom
12:50 Feudal Age
17:30 Castle Age
17:05 Double-Bit Axe
17:15 Gold Mining
25:14 Horse Collar
28:05 Wheelbarrow
28:48 Padded Archer Armor
30:20 Bloodlines
32:06 Hand Cart
33:48 Stone Mining
37:43 Imperial Age
35:50 Heavy Plow
36:07 Leather Archer Armor
36:09 Bow Saw
36:39 Scale Barding Armor
36:44 Forging
38:07 Chain Barding Armor
37:50 Cavalier
39:24 Iron Casting
39:14 Husbandry
40:53 Two-Man Saw
39:17 Paladin
40:40 Plate Barding Armor
40:32 Conscription
42:47 Stone Shaft Mining
44:04 Blast Furnace
51:47 Caravan
56:02 Fletching
59:01 Ballistics
58:48 Bodkin Arrow
60:12 Ring Archer Armor
59:10 Elite Conquistador
60:00 Light Cavalry
62:05 Hussar
85:28 Chemistry
菜就怪隊友
3:17 Loom
14:55 Feudal Age
19:27 Castle Age
17:47 Double-Bit Axe
17:53 Fletching
21:30 Bodkin Arrow
27:34 Wheelbarrow
26:55 Town Watch
32:26 Ballistics
32:03 Horse Collar
42:25 Bow Saw
43:09 Thumb Ring
43:18 Elite Skirmisher
46:53 Eupseong
49:16 Fishing Lines
50:13 Gold Mining
50:15 Stone Mining
51:07 Scale Mail Armor
55:39 Imperial Age
56:13 Hand Cart
56:10 Arrowslits
57:25 Chemistry
56:04 Pikeman
56:54 Halberdier
62:17 Two-Man Saw
62:26 Two-Man Saw
61:26 Gillnets
64:53 Two-Man Saw
64:47 Heavy Rocket Cart
70:18 Siege Engineers
73:37 Squires
73:25 Arson
76:48 Heavy Plow
87:57 Capped Ram
90:45 Bracer
92:59 Forging
93:06 Chain Mail Armor
94:17 Iron Casting
97:22 Plate Mail Armor
101:14 Elite Fire Lancer
102:49 Man-at-Arms
103:29 Long Swordsman
105:24 Coinage
104:24 Two-Handed Swordsman
105:17 Champion
107:51 Banking
107:35 Guilds
真是太離譜了
5:10 Loom
13:17 Feudal Age
17:07 Castle Age
16:06 Double-Bit Axe
18:07 Fletching
19:14 Bow Saw
20:42 Scale Mail Armor
24:13 Town Watch
28:00 Wheelbarrow
28:32 Fishing Lines
28:18 Elite Skirmisher
28:54 Demolition Ship
31:34 Sanctity
31:50 Bodkin Arrow
32:56 Padded Archer Armor
33:21 Scale Barding Armor
33:16 Pikeman
33:43 Gambesons
33:59 Squires
36:57 Medium Warships
37:40 Chain Mail Armor
45:23 Forging
48:48 Arson
52:39 Imperial Age
51:12 Horse Collar
53:35 Iron Casting
52:43 Halberdier
54:38 Wootz Steel
55:20 Blast Furnace
54:55 Plate Mail Armor
56:28 Conscription
56:50 Bracer
57:36 Chain Barding Armor
57:37 Masonry
56:59 Man-at-Arms
58:12 Leather Archer Armor
57:43 Long Swordsman
58:16 Two-Handed Swordsman
58:30 Siege Elephant
59:25 Guilds
60:24 Thumb Ring
59:40 Crossbowman
61:20 Ballistics
61:42 Ring Archer Armor
62:33 Chemistry
64:03 Medical Corps
65:11 Husbandry
67:04 Heavy Plow
74:41 Heavy Warships
76:00 Hand Cart
83:01 Champion
86:39 Caravan
101:23 Town Patrol
香辣鸡翅
4:36 Loom
13:02 Feudal Age
18:10 Castle Age
20:30 Double-Bit Axe
20:41 Fletching
20:54 Padded Archer Armor
21:31 Bodkin Arrow
21:39 Elite Skirmisher
25:59 Fishing Lines
26:36 Gillnets
40:33 Bow Saw
41:02 Wheelbarrow
42:47 Gold Mining
42:51 Stone Mining
42:52 Gold Mining
45:59 Horse Collar
47:01 Gold Shaft Mining
47:11 Heavy Plow
48:34 Hand Cart
47:45 Pikeman
50:49 Squires
51:03 Forging
50:53 Scale Mail Armor
55:56 Imperial Age
54:51 Chain Mail Armor
55:11 Iron Casting
56:48 Scale Barding Armor
57:07 Halberdier
58:54 Blast Furnace
58:50 Conscription
61:18 Chain Barding Armor
62:13 Town Watch
63:54 Crop Rotation
64:02 Medium Warships
64:57 Arson
65:33 Town Patrol
69:01 Tuntian
70:49 Light Cavalry
72:23 Bloodlines
72:13 Husbandry
71:34 Hussar
75:50 Caravan
86:51 Elite Tiger Cavalry
87:49 Bracer
92:44 Ming Guang Armor
NØRTHLANE
5:12 Loom
12:33 Feudal Age
14:16 Town Watch
17:51 Castle Age
16:11 Double-Bit Axe
16:18 Fletching
16:29 Padded Archer Armor
16:35 Scale Barding Armor
17:04 Gold Mining
18:44 Bow Saw
20:44 Bodkin Arrow
25:04 Wheelbarrow
28:04 Ballistics
30:30 Thumb Ring
30:58 Husbandry
33:02 Murder Holes
36:58 Imperial Age
34:41 Stone Mining
35:26 Gold Shaft Mining
35:35 Bloodlines
35:21 Horse Collar
35:58 Masonry
37:42 Hand Cart
38:22 Bracer
40:32 Chemistry
40:30 Light Cavalry
42:51 Chain Barding Armor
42:46 Leather Archer Armor
42:33 Hussar
43:47 Conscription
46:12 Heavy Plow
48:13 Gold Shaft Mining
48:13 Stone Shaft Mining
48:17 Hoardings
49:14 Siege Engineers
49:39 Forging
54:37 Drill
54:48 Town Patrol
55:36 Capped Ram
57:14 Iron Casting
57:27 Siege Ram
58:33 Fishing Lines
73:28 Caravan
77:56 Squires
77:42 Arson
77:58 Elite Skirmisher
86:52 Onager
90:19 Parthian Tactics
89:41 Siege Onager
93:19 Cavalier
Yun
13:09 Feudal Age
16:52 Castle Age
17:46 Medium Warships
17:37 Double-Bit Axe
19:04 Bow Saw
19:03 Fletching
19:54 Fishing Lines
21:17 Loom
22:10 Bodkin Arrow
23:04 Horse Collar
29:05 Town Watch
30:16 Wheelbarrow
31:54 Ballistics
36:27 Imperial Age
35:27 Hand Cart
36:16 Gold Mining
37:35 Bracer
38:34 Conscription
39:40 Chemistry
40:12 Elite War Wagon
44:50 Two-Man Saw
43:51 Heavy Plow
47:04 Guilds
70:48 Scale Mail Armor
70:58 Forging
70:39 Pikeman
71:20 Squires
71:05 Arson
71:46 Halberdier
73:20 Chain Mail Armor
73:40 Iron Casting
74:57 Plate Mail Armor
79:18 Eupseong
84:37 Caravan
98:33 Elite Fire Lancer
JustHaveFun()
5:05 Loom
15:32 Feudal Age
20:48 Castle Age
18:56 Fishing Lines
21:42 Gillnets
29:21 Horse Collar
29:33 Double-Bit Axe
32:47 Bow Saw
35:28 Wheelbarrow
40:00 Imperial Age
38:11 Scale Barding Armor
38:17 Forging
39:03 Vendel Legacy
40:15 Bloodlines
40:08 Husbandry
41:00 Chain Barding Armor
41:49 Iron Casting
40:40 Cavalier
42:29 Hand Cart
43:09 Plate Barding Armor
43:49 Blast Furnace
45:11 Scale Mail Armor
45:03 Fletching
45:01 Pikeman
45:42 Squires
45:28 Arson
46:42 Halberdier
47:45 Guilds
47:31 Gold Mining
47:33 Stone Mining
49:11 Chain Mail Armor
49:30 Conscription
55:40 Plate Mail Armor
54:36 Man-at-Arms
55:02 Gambesons
56:06 Coinage
58:04 Banking
59:41 Long Swordsman
60:41 Two-Handed Swordsman
64:05 Light Cavalry
65:40 Bodkin Arrow
66:07 Ballistics
66:48 Chemistry
66:00 Masonry
66:42 Hussar
68:52 Heavy Plow
84:18 Architecture
88:11 Bracer
93:06 Caravan
106:51 Elite Varangian Guard
Connection lost

Rejoining the realm…

Still unreachable

The connection could not be restored.

Session expired

The server has moved on; the page needs a fresh start.